 Dungeon Crawl Stone Soup version 0.29.1-1-gd02db6906a (webtiles) character file.

Game seed: 13044008559130394500

17770 safid the Skirmisher (level 12, -1/101 HPs)
             Began as a Minotaur Hunter on Oct 19, 2022.
             Was a High Priest of Okawaru.
             Slain by a six-headed hydra (4 damage)
             ... on level 2 of the Lair of Beasts.
             The game lasted 00:28:10 (16156 turns).

safid the Skirmisher (Minotaur Hunter)             Turns: 16156, Time: 00:28:11

Health: -1/101     AC: 17    Str: 22    XL:     12   Next: 21%
Magic:  17/17      EV:  9    Int:  6    God:    Okawaru [*****.]
Gold:   1431       SH:  0    Dex: 19    Spells: 9/11 levels left

rFire   . . .      SeeInvis .   a - +2 arbalest (flame)
rCold   . . .      Faith    .   (shield currently unavailable)
rNeg    . . .      Spirit   .   E - +2 chain mail "Jureddo" {rElec rPois Will- Str+6}
rPois   +          Reflect  .   (helmet restricted)
rElec   +          Harm     .   r - +0 cloak
rCorr   +          Rampage  .   B - +0 pair of gloves
Will    .....                   o - +0 pair of boots
Stlth   ..........              (no amulet)
HPRegen 0.26/turn               k - ring of resist corrosion
MPRegen 0.15/turn               m - +4 ring of slaying

@: no status effects
A: horns 2, retaliatory headbutt
a: Renounce Religion, Heroism, Finesse, Duel


You were on level 2 of the Lair of Beasts.
You worshipped Okawaru.
Okawaru was extremely pleased with you.
You visited 3 branches of the dungeon, and saw 13 of its levels.
You also visited: Volcano.

You collected 1921 gold pieces.
You spent 490 gold pieces at shops.

Inventory:

Hand Weapons
 a - a +2 arbalest of flaming (weapon)
Missiles
 c - 3 throwing nets
Armour
 g - a +2 scale mail of cold resistance
 j - a +4 chain mail of fire resistance
 o - a +0 pair of boots (worn)
 r - a +0 cloak (worn)
 B - a +0 pair of gloves (worn)
 E - the +2 chain mail "Jureddo" (worn) {rElec rPois Will- Str+6}
   (Okawaru gifted it to you on level 10 of the Dungeon)

   Str:       It affects your strength (+6).
   rElec:     It insulates you from electricity.
   rPois:     It protects you from poison.
   Will:      It decreases your willpower.
Jewellery
 k - a ring of resist corrosion (left hand)
 m - a +4 ring of slaying (right hand)
Wands
 H - a wand of flame (10)
Scrolls
 f - 4 scrolls of fear {unknown}
 h - a scroll of enchant armour {unknown}
 n - a scroll of summoning {unknown}
 t - 5 scrolls of fog
 u - 2 scrolls of teleportation {unknown}
 x - 3 scrolls of poison {unknown}
 y - a scroll of noise {unknown}
 A - 3 scrolls of enchant weapon {unknown}
 C - a scroll of vulnerability {unknown}
Potions
 b - a potion of berserk rage
 d - 2 potions of might
 e - 2 potions of attraction {unknown}
 i - a potion of heal wounds
 p - 4 potions of mutation {unknown}
 q - a potion of lignification
 s - 3 potions of flight
 v - a potion of cancellation {unknown}
 w - a potion of invisibility {unknown}
 z - 3 potions of haste {unknown}
 D - a potion of ambrosia {unknown}
 F - a potion of magic {unknown}


   Skills:
 - Level 8.0 Fighting
 + Level 14.6 Ranged Weapons
 + Level 9.6 Armour
 - Level 2.1 Dodging
 - Level 0.7 Stealth
 - Level 6.0 Translocations
 - Level 9.0 Invocations


You had 9 spell levels left.
You knew the following spells:

 Your Spells              Type           Power      Damage    Failure   Level
a - Blink                 Tloc           14%        N/A       36%         2

Your spell library contained the following spells:

 Spells                   Type           Power      Damage    Failure   Level
 Lesser Beckoning         Tloc           7%         N/A       61%         3
 Passage of Golubria      Tloc           7%         N/A       95%         4
 Foxfire                  Conj/Fire      0%         2x1d4     97%         1
 Magic Dart               Conj           0%         1d3       97%         1
 Sandblast                Erth           0%         2d4       97%         1
 Shock                    Conj/Air       0%         1d3       97%         1
 Slow                     Hex            0%         N/A       97%         1
 Passwall                 Tmut/Erth      0%         N/A       99%         2
 Confusing Touch          Hex            0%         N/A       100%        3
 Conjure Flame            Conj/Fire      0%         6-21      100%        3
 Dazzling Flash           Conj/Hex       0%         N/A       100%        3
 Ignite Poison            Fire/Tmut/Pois 0%         N/A       100%        3
 Inner Flame              Hex/Fire       0%         N/A       100%        3
 Mephitic Cloud           Conj/Pois/Air  0%         N/A       100%        3
 Stone Arrow              Conj/Erth      0%         3d7       100%        3
 Swiftness                Air            0%         N/A       100%        3
 Vampiric Draining        Necr           0%         2d6       100%        3
 Airstrike                Air            0%         2d(0-16)  100%        4
 Flame Wave               Conj/Fire      0%         2d4       100%        4
 Iskenderun's Mystic Bla  Conj/Tloc      3%         2d3       100%        4
 Sticky Flame             Conj/Fire      0%         2d3       100%        4
 Manifold Assault         Tloc           7%         N/A       100%        5
 Yara's Violent Unravell  Hex/Tmut       0%         3d3       100%        5
 Starburst                Conj/Fire      0%         6d3       100%        6
 Call Imp                 Summ           Unusable   N/A       N/A         2
 Tukima's Dance           Hex            Unusable   N/A       N/A         3

Dungeon Overview and Level Annotations

Branches:
Dungeon (10/15)            Temple (1/1) D:5            Lair (2/5) D:8
    Orc (0/2) D:9         Volcano (visited)
  Swamp: Lair:2-3    Shoals: Lair:2-3     Snake: Lair:2-3    Spider: Lair:2-3

Altars:
Ashenzari
Cheibriados
Dithmenos
Elyvilon
Fedhas
Gozag
Hepliaklqana
Kikubaaqudgha
Makhleb
Nemelex Xobeh
Okawaru
Qazlal
Ru
Sif Muna
Trog
Uskayaw
Vehumet
Wu Jian
Xom
Yredelemnul
Zin
The Shining One

Shops:
D:2 !   D:4 *

Annotations:
D:3 1 runed translucent door, Crazy Yiuf


Innate Abilities, Weirdness & Mutations

You have a pair of horns on your head.
You reflexively headbutt those who attack you in melee.


Message History

No target in view!
No target in view!
No target in view!
You shoot a bolt. The bolt hits the six-headed hydra.
The bolt burns the six-headed hydra.
The six-headed hydra is heavily wounded.
You shoot a bolt.
The bolt barely misses the six-headed hydra.
You shoot a bolt.
The bolt barely misses the six-headed hydra.
The six-headed hydra bites you! The six-headed hydra bites you. x2
The six-headed hydra bites you but does no damage.
The six-headed hydra bites you. The six-headed hydra bites you!
You are too injured to fight recklessly!
You are too injured to fight recklessly!
You are too injured to fight recklessly!
You are too injured to fight recklessly!
You are too injured to fight recklessly!
Fire: a) +2 arbalest (flame)
Press: ? - help, Q - select action, (/) - cycle Shift-Dir - straight line, f/p - six-headed hydra
Aim: a six-headed hydra (heavily wounded, 85% to hit)
You shoot a bolt. The bolt hits the six-headed hydra!
The bolt burns the six-headed hydra.
The six-headed hydra is severely wounded.
The six-headed hydra bites you but does no damage.
The six-headed hydra bites you!
The six-headed hydra bites you but does no damage.
The six-headed hydra bites you. x2
The six-headed hydra closely misses you.
The six-headed hydra bites you!
* * * LOW HITPOINT WARNING * * *
The six-headed hydra bites you!
* * * LOW HITPOINT WARNING * * *
The six-headed hydra bites you.
* * * LOW HITPOINT WARNING * * *
The six-headed hydra bites you but does no damage.
The six-headed hydra bites you!
* * * LOW HITPOINT WARNING * * *
The six-headed hydra bites you.
You die...

....... .~ .....#
~~≈~~ #.)..##†≈≈≈≈
#.# #..#.#.~≈≈≈~.
#.# #.....#.~~~~.
#<# ##.....#...~.
..# #P..D...##.# #
#.# #..@.†.....#..
#.# ##.#.†........
##.####.###......#
##.<.....##...P#.##
#.........#.......##
##..................
####.....#.###.....
##.P.###.# #.###
#.##..P.## ..#


You could see a six-headed hydra.

Vanquished Creatures
  A red draconian (Volcano)
  A centaur warrior (Volcano)
  A two-headed ogre (D:10)
  Pikel (D:7)
  2 molten gargoyles (Volcano)
  5 cane toads (Lair:1)
  A yaktaur (Volcano)
  A rime drake (Lair:1)
  A komodo dragon (Lair:1)
  A troll (D:8)
  3 hornets
  6 blink frogs (Lair:1)
  Sigmund (D:2)
  A shadow (D:7)
  2 wyverns
  A steam dragon (D:9)
  30 yaks
  2 fire bats (Volcano)
  A basilisk (Lair:1)
  A warg (D:9)
  5 water moccasins
  An orc warrior (D:8)
  3 ice beasts
  A black bear (D:5)
  2 ogres
  9 wolves
  6 centaurs
  A phantom (D:7)
  Blork the orc (D:4)
  3 bullfrogs
  4 necrophages
  A scorpion (D:6)
  13 wights
  An electric eel (D:8)
  A howler monkey (D:6)
  3 lava snakes (Volcano)
  7 hounds
  5 orc priests
  A gnoll bouda (D:8)
  Terence (D:2)
  2 iguanas
  Ijyb (D:3)
  5 hell rats (Lair:1)
  19 orc wizards
  4 gnolls (D:8)
  4 adders
  A shadow imp (D:5)
  3 white imps
  An ufetubus (D:5)
  3 worms
  36 orcs
  6 ball pythons
  9 endoplasms
  A giant cockroach (D:1)
  5 goblins
  7 hobgoblins
  4 kobolds
  5 quokkas
  4 bats
  A frilled lizard (D:3)
  7 rats
260 creatures vanquished.

Vanquished Creatures (others)
  2 fungi (Lair:1)
  12 plants
14 creatures vanquished.

Grand Total: 274 creatures vanquished

Notes
Turn   | Place    | Note
-------+----------+-------------------------------------------
     0 | D:1      | safid the Minotaur Hunter began the quest for the Orb.
     0 | D:1      | Reached XP level 1. HP: 18/18 MP: 0/0
   204 | D:1      | Reached XP level 2. HP: 25/25 MP: 1/1
   461 | D:1      | Found a faded altar of an unknown god.
   692 | D:1      | Reached skill level 5 in Ranged Weapons
   829 | D:2      | Reached XP level 3. HP: 14/31 MP: 2/2
  1057 | D:2      | Found a broken altar of Ashenzari.
  1170 | D:2      | Noticed Sigmund
  1178 | D:2      | Noticed Terence
  1184 | D:2      | Killed Sigmund
  1185 | D:2      | Reached skill level 7 in Ranged Weapons
  1185 | D:2      | Reached XP level 4. HP: 37/38 MP: 3/3
  1185 | D:2      | Reached XP level 5. HP: 44/45 MP: 4/4
  1193 | D:2      | Killed Terence
  1532 | D:2      | Found Egorch's Distillery.
  1541 | D:2      | Bought a potion of heal wounds for 70 gold pieces
  2089 | D:3      | Found a hide-covered altar of Uskayaw.
  2130 | D:3      | Noticed Ijyb
  2177 | D:3      | Killed Ijyb
  2178 | D:3      | Reached XP level 6. HP: 21/51 MP: 5/5
  2663 | D:3      | Reached skill level 8 in Ranged Weapons
  2832 | D:3      | Found a runed translucent door.
  2833 | D:3      | Noticed Crazy Yiuf
  2954 | D:3      | Found a shimmering altar of Xom.
  3415 | D:4      | Found Vuriaxt's Elemental Accessories.
  3701 | D:4      | Noticed Blork the orc
  3715 | D:4      | Killed Blork the orc
  3716 | D:4      | Reached skill level 9 in Ranged Weapons
  4006 | D:5      | Entered Level 5 of the Dungeon
  4046 | D:5      | Reached XP level 7. HP: 54/57 MP: 6/6
  4218 | D:5      | Reached skill level 10 in Ranged Weapons
  4264 | D:5      | Learned a level 2 spell: Blink
  4317 | D:5      | Found a staircase to the Ecumenical Temple.
  4326 | Temple   | Entered the Ecumenical Temple
  4528 | Temple   | Became a worshipper of Warmaster Okawaru
  4594 | D:5      | Found a sparkling altar of Nemelex Xobeh.
  4873 | D:6      | Reached XP level 8. HP: 63/63 MP: 7/7
  4899 | D:6      | Reached skill level 1 in Armour
  4916 | D:6      | Reached skill level 1 in Invocations
  4967 | D:6      | Reached * piety under Okawaru
  4968 | D:6      | Reached skill level 1 in Translocations
  4973 | D:6      | Reached skill level 11 in Ranged Weapons
  5567 | D:6      | Identified a scroll of acquirement
  5568 | D:6      | Acquired 1189 gold pieces
  5691 | D:2      | Bought 2 potions of heal wounds for 140 gold pieces
  5691 | D:2      | Bought a potion of berserk rage for 70 gold pieces
  5691 | D:2      | Bought a potion of curing for 42 gold pieces
  5691 | D:2      | Bought a potion of brilliance for 56 gold pieces
  5691 | D:2      | Bought a potion of might for 56 gold pieces
  5691 | D:2      | Bought a potion of degeneration for 14 gold pieces
  5691 | D:2      | Bought a potion of lignification for 42 gold pieces
  5831 | D:7      | Noticed Pikel
  5842 | D:7      | Killed Pikel
  6132 | D:7      | Reached skill level 5 in Fighting
  6132 | D:7      | Reached XP level 9. HP: 61/74 MP: 10/10
  6569 | D:7      | Found a sacrificial altar of Ru.
  6955 | D:7      | Reached ** piety under Okawaru
  7242 | D:8      | Noticed a troll
  7444 | D:8      | Reached skill level 5 in Armour
  7513 | D:8      | Found an ancient bone altar of Kikubaaqudgha.
  7520 | D:8      | Found a snail-covered altar of Cheibriados.
  7520 | D:8      | Found a blossoming altar of Fedhas.
  7522 | D:8      | Found a bloodstained altar of Trog.
  7550 | D:8      | Found a basalt altar of Yredelemnul.
  7574 | D:8      | Paralysed by a hornet for 2 turns
  8080 | D:8      | Reached *** piety under Okawaru
  8326 | D:8      | Killed a troll
  8521 | D:8      | Found a staircase to the Lair.
  8528 | D:8      | Reached skill level 12 in Ranged Weapons
  8528 | D:8      | Reached XP level 10. HP: 62/84 MP: 12/12
  8806 | D:8      | Reached skill level 5 in Invocations
  9071 | D:9      | Reached **** piety under Okawaru
  9470 | D:9      | Found a staircase to the Orcish Mines.
 10314 | D:9      | Found an opulent altar of Gozag.
 11112 | D:9      | Reached ***** piety under Okawaru
 11390 | D:10     | Entered Level 10 of the Dungeon
 11604 | D:10     | Reached skill level 5 in Translocations
 11629 | D:10     | Noticed a two-headed ogre
 11638 | D:10     | Killed a two-headed ogre
 11733 | D:10     | Reached skill level 13 in Ranged Weapons
 11733 | D:10     | Reached XP level 11. HP: 94/94 MP: 15/15
 12358 | D:10     | Identified the +2 chain mail "Jureddo" {rElec rPois Will-
                  | Str+6} (Okawaru gifted it to you on level 10 of the
                  | Dungeon)
 12358 | D:10     | Received a gift from Okawaru
 12792 | Lair:1   | Entered Level 1 of the Lair of Beasts
 13061 | Lair:1   | Found a dark tunnel.
 13069 | Volcano  | Entered a volcano
 13581 | Volcano  | Found a radiant altar of Vehumet.
 13581 | Volcano  | Noticed a centaur warrior
 13600 | Volcano  | Killed a centaur warrior
 14349 | Volcano  | Noticed a red draconian
 14370 | Volcano  | Killed a red draconian
 14870 | Lair:1   | Reached skill level 14 in Ranged Weapons
 15273 | Lair:1   | Reached XP level 12. HP: 87/101 MP: 17/17
 16150 | Lair:2   | Noticed a six-headed hydra
 16156 | Lair:2   | HP: 3/101 [six-headed hydra (8)]
 16156 | Lair:2   | Slain by a six-headed hydra

Illustrated notes

Levels and vault maps discovered:
D:1:      saegor_arrival_simple_b, layout_basic,
          shapermc_ecumenical_altar_flowoftime, hangedman_decor_push
D:2:      layout_basic, basic_altar, serial_shops, shop, serial_forest,
          infiniplex_forest_end_2, infiniplex_forest_end_3,
          infiniplex_forest_diagonal, infiniplex_forest_clump_small,
          infiniplex_forest_clump_diagonal, infiniplex_forest_side_room,
          minmay_domino_4, uniq_terence, uniq_sigmund
D:3:      layout_loops_ring, lemuel_tele_altar, lemuel_round_altar,
          chequers_serial_rivers_micro_b, minmay_misc_feat_enclosed,
          serial_bayou_pond_e, kennysheep_generic_room_14,
          uniq_crazy_yiuf_cottage, uniq_ijyb
D:4:      layout_cave_pools, nicolae_elemental_shop, kennysheep_generic_room_11,
          uniq_blork_the_orc
D:5:      layout_gridville, nemelex_spade_bored_becter,
          minmay_temple_entry_gardened_gates
D:6:      nicolae_cairo_tiling_large_dashed, layout_cave_pods
D:7:      layout_layer_cave, nicolae_ru_the_path_less_chosen, uniq_pikel
D:8:      layout_gridville, general_overflow_altar, minitemple, erik_lair_island
D:9:      layout_rooms, mainiacjoe_overflow_chevrons, david_orc_3, minivault_19,
          chequers_serial_rivers_small_3
D:10:     layout_basic
Temple:   hc_temple_tempest_star
Lair:1:   layout_loops_ring, nicolae_volcano_entry_hallway,
          beast_lair_carwin_11, infiniplex_staircase_pool_2
Lair:2:   layout_loops_ring, dummy_spider_entry, nicolae_lair_lil_pond

Skill      XL: |  1  2  3  4  5  6  7  8  9 10 11 12 |
---------------+-------------------------------------+-----
Fighting       | 3 5 6 8 |  8.0
Ranged Weapons | 5 7 9 10 11 12 13 14 | 14.6
Armour         | 3 5 6 8 9 |  9.6
Invocations    | 3 4 6 8 9 |  9.0
Translocations | 2 3 5 6 |  6.0
Dodging        | |  2.1
Stealth        | |  0.7

Action                   |  1- 3 |  4- 6 |  7- 9 | 10-12 || total
-------------------------+-------+-------+-------+-------++-------
Melee: Shortbow          |       |     2 |       |       ||     2
       Headbutt          |       |     2 |       |       ||     2
 Fire: Shortbow          |    74 |   171 |   298 |   431 ||   974
       Arbalest          |       |       |       |   115 ||   115
Invok: Heroism           |       |       |     1 |     6 ||     7
       Finesse           |       |       |       |     6 ||     6
  Use: Scroll            |       |       |     5 |     1 ||     6
       Potion            |       |       |     4 |     8 ||    12
Armor: Scale mail        |    15 |    33 |    99 |   100 ||   247
       Leather armour    |     4 |       |       |       ||     4
       Chain mail        |       |       |       |    84 ||    84
Dodge: Dodged            |    19 |    39 |   114 |   183 ||   355
